Red Wings vs Nordiques
(R2)
Created - May 8, 2018 at 19:05
Goals
|
| Red Wings |
0 |
3 |
2 |
5 |
| Nordiques |
1 |
2 |
1 |
4 |
|
Shots
|
| Red Wings |
6 |
8 |
11 |
25 |
| Nordiques |
17 |
15 |
6 |
38 |
|
1st period
1. Nordiques , Marek Svatos 2 (Ryan Ellis 3, R.J. Umberger 1) at 17:29
Penalties :
Kyle Calder (Que) for Holding Stick (Minor) at 0:41, Chris Kelly (Det) for Hooking (Minor) at 6:03, Phil Kessel (Det) for Holding (Minor) at 19:41
2nd period
2. Red Wings , Ole-Kristian Tollefsen 1 (Oleg Saprykin 1, Tyler Johnson 2) at 0:35 (SH)
3. Nordiques , Marek Svatos 3 (R.J. Umberger 2, Daniel Briere 3) at 12:57
4. Nordiques , Jean-Pierre Dumont 2 (Mark Eaton 1, Matt Moulson 3) at 15:16
5. Red Wings , Ales Hemsky 1 (Ole-Kristian Tollefsen 1, Sean Bergenheim 1) at 15:24
6. Red Wings , Ole-Kristian Tollefsen 2 (Brent Seabrook 1) at 17:11 (PP)
Penalties :
Dustin Byfuglien (Que) for Cross-checking (Minor) at 2:37, Kyle Calder (Que) for Hooking (Minor) at 7:26, Paul Gaustad (Que) for Roughing (Minor) at 16:31, Brendan Bell (Det) for Roughing (Minor) at 18:05
3rd period
7. Red Wings , Brent Seabrook 2 (Alex Picard 1, Ole-Kristian Tollefsen 2) at 7:37
8. Nordiques , Ryan Ellis 1 (Marek Svatos 3) at 8:20
9. Red Wings , Phil Kessel 1 (Adam Henrique 2, Mike Richards 1) at 14:10
Penalties :
Dustin Byfuglien (Que) for Holding (Minor) at 5:21
Goalie Stats
Ilya Bryzgalov (Det), 34 saves from 38 shots - (0.895), W, 1-0-0, 60:00 minutes
Jonathan Quick (Que), 20 saves from 25 shots - (0.800), L, 2-1-0, 58:48 minutes
Players Stats for Red Wings
Player Name G A P +/- PIM S H SB GA TA FO MP PP MP PK MP
------------------------------------------------------------------------------------
Adam Henrique 0 1 1 1 0 1 2 0 0 0 1/2 17:36 3:59 0:00
Ales Hemsky 1 0 1 -1 0 3 0 0 0 1 1/1 20:15 3:59 0:00
Alex Picard 0 1 1 -1 0 2 1 0 0 0 0/0 13:13 0:00 0:22
Brendan Bell 0 0 0 0 2 1 1 0 0 0 0/0 14:33 0:00 0:00
Brent Seabrook 1 1 2 1 0 2 0 1 0 0 0/0 25:26 5:18 2:57
Chris Kelly 0 0 0 -1 2 1 0 2 1 0 7/7 11:58 0:00 0:00
Filip Kuba 0 0 0 -2 0 0 0 1 0 2 0/0 16:24 0:00 2:57
Jiri Fischer 0 0 0 1 0 0 1 1 0 0 0/0 23:08 3:18 3:00
Mike Richards 0 1 1 1 0 4 2 1 1 0 12/18 19:32 4:37 0:06
Nate Thompson 0 0 0 0 0 1 0 0 0 0 2/2 4:02 0:00 0:00
Nino Niederreiter 0 0 0 -1 0 0 1 0 1 0 0/0 16:18 0:00 2:47
Oleg Saprykin 0 1 1 1 0 0 1 0 0 1 0/0 7:42 0:00 2:48
Ole-Kristian Tollefsen 2 2 4 2 0 2 2 2 1 1 0/0 23:54 5:18 3:00
Phil Kessel 1 0 1 1 2 6 1 0 3 0 0/2 18:33 4:37 0:00
Philip Samuelsson 0 0 0 0 0 0 1 0 0 0 0/0 7:56 3:18 0:00
Sean Bergenheim 0 1 1 -1 0 0 0 0 0 0 2/5 21:53 4:37 3:03
Theo Peckham 0 0 0 -2 0 0 0 0 0 1 0/0 9:13 0:00 0:00
Tyler Johnson 0 1 1 0 0 2 1 0 1 0 11/30 22:24 3:59 2:48
Players Stats for Nordiques
Player Name G A P +/- PIM S H SB GA TA FO MP PP MP PK MP
------------------------------------------------------------------------------------
Bruno Gervais 0 0 0 0 0 1 1 1 0 0 0/0 13:56 0:00 0:42
Daniel Briere 0 1 1 2 0 2 0 1 0 0 23/33 18:59 3:26 0:00
Dustin Byfuglien 0 0 0 -1 4 0 3 0 0 2 0/0 25:52 4:12 2:15
Jean-Pierre Dumont 1 0 1 0 0 4 1 0 1 1 0/0 13:01 2:18 0:00
Kyle Calder 0 0 0 -1 4 3 1 0 0 0 0/0 13:56 0:13 0:38
Marek Svatos 2 1 3 2 0 6 1 4 1 0 2/8 24:06 3:26 4:39
Mark Eaton 0 1 1 1 0 0 1 1 0 1 0/0 19:58 1:45 4:44
Matt Gilroy 0 0 0 0 0 2 0 1 0 0 0/0 17:24 1:45 3:28
Matt Moulson 0 1 1 1 0 2 0 0 2 0 0/0 11:07 0:00 0:42
Michael Ryder 0 0 0 -1 0 0 2 0 0 0 0/0 7:31 0:13 0:00
Nikolai Kulemin 0 0 0 -1 0 2 0 0 1 0 0/0 6:33 0:00 0:00
Paul Gaustad 0 0 0 1 2 3 4 0 0 0 4/13 12:28 0:13 1:20
R.J. Umberger 0 2 2 2 0 3 3 1 0 1 0/1 20:55 3:26 2:37
Rich Peverley 0 0 0 -1 0 1 0 0 0 0 0/1 6:33 0:00 0:00
Ryan Ellis 1 1 2 0 0 4 0 2 1 0 0/0 28:13 4:12 4:37
T.J. Fast 0 0 0 0 0 0 0 0 0 0 0/0 13:39 0:00 1:26
Tim Connolly 0 0 0 -2 0 4 2 2 0 2 2/9 19:38 2:18 4:39
Vladimir Tarasenko 0 0 0 -2 0 1 3 0 0 1 0/2 17:30 2:18 2:37
3 Stars
1 - Ole-Kristian Tollefsen (Det)
2 - Marek Svatos (Que)
3 - Brent Seabrook (Det)
Power Play
Red Wings - 1 on 5 Attempt(s) - 20.00%
Nordiques - 0 on 3 Attempt(s) - 0.00%
Penalty Kill
Red Wings - 3 on 3 Attempt(s) - 100.00%
- Score 1 goal in Penalty Kill
Nordiques - 4 on 5 Attempt(s) - 80.00%
- Score 0 goal in Penalty Kill
Team Stat
Red Wings - Hits : 14 - Faceoff Wins : 36 - Blocked Shots : 8 - Penalty Minutes : 6
Nordiques - Hits : 22 - Faceoff Wins : 31 - Blocked Shots : 13 - Penalty Minutes : 10
Official
Referees : Morton Dean and L'Ecuyer Frederick
Linesman : Scott Cherrey and Greg Devorski
Game Notes
No Game Note
Finance
Level 1 -- Attendance: 4662 (77.70%) -- Ticket Income $489,510
Level 2 -- Attendance: 4109 (82.18%) -- Ticket Income $267,085
Level 3 -- Attendance: 1533 (76.65%) -- Ticket Income $70,518
Level 4 -- Attendance: 2753 (68.83%) -- Ticket Income $96,355
Luxury Box -- Attendance: 898 (89.80%) -- Ticket Income $148,170
Game was played at the Centre Videotron.
Total Attendance: 13955 (77.53%)
Total Ticket Income: $1,071,638
Other Income: $160,746
Total Income: $1,232,384
Red Wings
5 vs 5 Forward
Center Left Wing Right Wing Time % Phy DF OF
1 Mike Richards Adam Henrique Phil Kessel 36 0 2 3
2 Tyler Johnson Sean Bergenheim Ales Hemsky 36 0 2 3
3 Chris Kelly Alex Picard Nino Niederreiter 20 0 3 2
4 Nate Thompson Oleg Saprykin Nino Niederreiter 8 1 2 2
5 vs 5 Defense
Defense Defense Time % Phy DF OF
1 Brent Seabrook Jiri Fischer 35 0 3 2
2 Brendan Bell Ole-Kristian Tollefsen 35 0 3 2
3 Filip Kuba Theo Peckham 20 0 3 2
4 Filip Kuba Philip Samuelsson 10 0 3 2
PowerPlay Forward
Center Left Wing Right Wing Time % Phy DF OF
1 Mike Richards Sean Bergenheim Phil Kessel 60 0 1 4
2 Tyler Johnson Adam Henrique Ales Hemsky 40 0 1 4
PowerPlay Defense
Defense Defense Time % Phy DF OF
1 Ole-Kristian Tollefsen Brent Seabrook 60 0 2 3
2 Jiri Fischer Philip Samuelsson 40 0 2 3
Penalty Kill 4 Players Forward
Center Wing Time % Phy DF OF
1 Tyler Johnson Oleg Saprykin 50 1 2 2
2 Sean Bergenheim Nino Niederreiter 50 1 2 2
Penalty Kill 4 Players Defense
Defense Defense Time % Phy DF OF
1 Brent Seabrook Filip Kuba 50 1 2 2
2 Jiri Fischer Ole-Kristian Tollefsen 50 1 2 2
Penalty Kill - 3 Players Forward
Forward Time % Phy DF OF
1 Tyler Johnson 60 1 2 2
2 Sean Bergenheim 40 1 2 2
Penalty Kill - 3 Players Defense
Defense Defense Time % Phy DF OF
1 Filip Kuba Brent Seabrook 50 1 2 2
2 Jiri Fischer Ole-Kristian Tollefsen 50 1 2 2
4 vs 4 Forward
Center Wing Time % Phy DF OF
1 Mike Richards Sean Bergenheim 60 1 2 2
2 Tyler Johnson Phil Kessel 40 1 2 2
4 vs 4 Defense
Defense Defense Time % Phy DF OF
1 Brent Seabrook Jiri Fischer 60 1 2 2
2 Ole-Kristian Tollefsen Filip Kuba 40 1 2 2
Last Minutes Offensive
Center Left Wing Right Wing Defense Defense
Mike Richards Sean Bergenheim Phil Kessel Brent Seabrook Ole-Kristian Tollefsen
Last Minutes Defensive
Center Left Wing Right Wing Defense Defense
Tyler Johnson Sean Bergenheim Nino Niederreiter Jiri Fischer Filip Kuba
Goaltenders
Starting : Ilya Bryzgalov
Backup : Tuukka Rask
Extra Forwards
Normal : Mike Richards, Tyler Johnson, Nino Niederreiter - PP : Nino Niederreiter, Chris Kelly - PK : Sean Bergenheim
Extra Defensemen
Normal : Brent Seabrook, Ole-Kristian Tollefsen, Philip Samuelsson - PP : Filip Kuba - PK : Philip Samuelsson, Theo Peckham
Penalty Shots
Oleg Saprykin, Mike Richards, Phil Kessel, Brent Seabrook, Sean Bergenheim
Scratches
Rick Nash (Sprained Left Finger Injury)
Nordiques
5 vs 5 Forward
Center Left Wing Right Wing Time % Phy DF OF
1 Daniel Briere R.J. Umberger Marek Svatos 40 0 1 4
2 Tim Connolly Kyle Calder Vladimir Tarasenko 30 1 1 3
3 Paul Gaustad Matt Moulson Jean-Pierre Dumont 20 1 1 3
4 Rich Peverley Nikolai Kulemin Michael Ryder 10 1 1 3
5 vs 5 Defense
Defense Defense Time % Phy DF OF
1 Dustin Byfuglien Ryan Ellis 40 1 3 1
2 Bruno Gervais Mark Eaton 30 1 3 1
3 T.J. Fast Matt Gilroy 20 1 3 1
4 Dustin Byfuglien Ryan Ellis 10 1 3 1
PowerPlay Forward
Center Left Wing Right Wing Time % Phy DF OF
1 Daniel Briere R.J. Umberger Marek Svatos 60 0 0 5
2 Tim Connolly Jean-Pierre Dumont Vladimir Tarasenko 40 0 0 5
PowerPlay Defense
Defense Defense Time % Phy DF OF
1 Dustin Byfuglien Ryan Ellis 60 0 2 3
2 Matt Gilroy Mark Eaton 40 0 2 3
Penalty Kill 4 Players Forward
Center Wing Time % Phy DF OF
1 Marek Svatos Tim Connolly 60 1 4 0
2 Vladimir Tarasenko R.J. Umberger 40 1 4 0
Penalty Kill 4 Players Defense
Defense Defense Time % Phy DF OF
1 Dustin Byfuglien Ryan Ellis 60 2 3 0
2 Matt Gilroy Mark Eaton 40 2 3 0
Penalty Kill - 3 Players Forward
Forward Time % Phy DF OF
1 Marek Svatos 60 0 5 0
2 Tim Connolly 40 0 5 0
Penalty Kill - 3 Players Defense
Defense Defense Time % Phy DF OF
1 Dustin Byfuglien Ryan Ellis 60 1 4 0
2 Matt Gilroy Mark Eaton 40 1 4 0
4 vs 4 Forward
Center Wing Time % Phy DF OF
1 Daniel Briere Tim Connolly 60 1 1 3
2 Vladimir Tarasenko R.J. Umberger 40 1 1 3
4 vs 4 Defense
Defense Defense Time % Phy DF OF
1 Dustin Byfuglien Ryan Ellis 60 1 3 1
2 Matt Gilroy Mark Eaton 40 1 3 1
Last Minutes Offensive
Center Left Wing Right Wing Defense Defense
Daniel Briere R.J. Umberger Marek Svatos Dustin Byfuglien Ryan Ellis
Last Minutes Defensive
Center Left Wing Right Wing Defense Defense
Tim Connolly R.J. Umberger Marek Svatos Matt Gilroy Ryan Ellis
Goaltenders
Starting : Jonathan Quick
Backup : Julien Ellis
Extra Forwards
Normal : Vladimir Tarasenko, Daniel Briere, Marek Svatos - PP : Vladimir Tarasenko, Daniel Briere - PK : Paul Gaustad
Extra Defensemen
Normal : Ryan Ellis, Dustin Byfuglien, Mark Eaton - PP : Ryan Ellis - PK : Mark Eaton, T.J. Fast
Penalty Shots
Marek Svatos, Tim Connolly, Vladimir Tarasenko, R.J. Umberger, Daniel Briere
Scratches
Fedor Tyutin (Bruised Right Arm Injury), Petr Kalus (Healthy)
% Time on Ice - Red Wings
Lines # - Real PCT - Wanted PCT - Time Play
Normal Forward
1 - 33% - 36% - 14:42
2 - 37% - 36% - 16:09
3 - 21% - 20% - 9:30
4 - 9% - 8% - 3:52
Normal Defense
1 - 38% - 35% - 16:57
2 - 35% - 35% - 15:35
3 - 20% - 20% - 8:45
4 - 7% - 10% - 2:56
PP Forward
1 - 54% - 60% - 4:37
2 - 46% - 40% - 3:59
PP Defense
1 - 62% - 60% - 5:18
2 - 38% - 40% - 3:18
PK Forward
1 - 49% - 50% - 2:54
2 - 51% - 50% - 3:03
PK Defense
1 - 50% - 50% - 2:57
2 - 50% - 50% - 3:00
PK3 Forward
1 - 0% - 60%
2 - 0% - 40%
PK3 Defense
1 - 0% - 50%
2 - 0% - 50%
44 Forward
1 - 0% - 60%
2 - 0% - 40%
44 Defense
1 - 0% - 60%
2 - 0% - 40%
Last Minute Offensive - 0:00
Last Minute Defensive - 1:14
Total
Forward - 60:00
Defense - 60:00
|
% Time on Ice - Nordiques
Lines # - Real PCT - Wanted PCT - Time Play
Normal Forward
1 - 35% - 40% - 15:29
2 - 29% - 30% - 12:56
3 - 21% - 20% - 9:27
4 - 15% - 10% - 6:33
Normal Defense
1 - 41% - 40% - 18:01
2 - 32% - 30% - 14:10
3 - 26% - 20% - 11:36
4 - 1% - 10% - 0:38
PP Forward
1 - 61% - 60% - 3:39
2 - 39% - 40% - 2:18
PP Defense
1 - 71% - 60% - 4:12
2 - 29% - 40% - 1:45
PK Forward
1 - 70% - 60% - 5:59
2 - 30% - 40% - 2:37
PK Defense
1 - 60% - 60% - 5:11
2 - 40% - 40% - 3:25
PK3 Forward
1 - 0% - 60%
2 - 0% - 40%
PK3 Defense
1 - 0% - 60%
2 - 0% - 40%
44 Forward
1 - 0% - 60%
2 - 0% - 40%
44 Defense
1 - 0% - 60%
2 - 0% - 40%
Last Minute Offensive - 1:02
Last Minute Defensive - 0:00
Total
Forward - 60:00
Defense - 60:00
|
Play by Play
1st period
0:01 of 1st period - Daniel Briere wins face-off versus Mike Richards in neutral zone.
0:26 of 1st period - Jiri Fischer is hit by Vladimir Tarasenko and loses puck.
0:41 of 1st period - Minor Penalty to Kyle Calder for Holding Stick.
0:42 of 1st period - Mike Richards wins face-off versus Marek Svatos in Nordiques zone.
1:08 of 1st period - Tyler Johnson is hit by Mark Eaton and loses puck.
1:56 of 1st period - Vladimir Tarasenko is hit by Tyler Johnson and loses puck.
2:41 of 1st period - Penalty to Kyle Calder is over, Kyle Calder is back on ice.
2:45 of 1st period - Icing by Adam Henrique.
2:46 of 1st period - Paul Gaustad wins face-off versus Tyler Johnson in Red Wings zone.
2:51 of 1st period - Snap shot by Matt Moulson.
2:51 of 1st period - Shot Blocked by Brent Seabrook.
3:03 of 1st period - Ole-Kristian Tollefsen is hit by Bruno Gervais and loses puck.
4:34 of 1st period - Snap shot by Rich Peverley.
4:34 of 1st period - Stopped by Ilya Bryzgalov without a rebound.
4:35 of 1st period - Chris Kelly wins face-off versus Marek Svatos in Red Wings zone.
4:44 of 1st period - Wrist shot by Chris Kelly.
4:44 of 1st period - Shot Misses the Net.
4:46 of 1st period - Slapshot by Chris Kelly.
4:46 of 1st period - Deflect By Alex Picard.
4:46 of 1st period - Stopped by Jonathan Quick with a rebound.
4:58 of 1st period - Snap shot by Ales Hemsky.
4:58 of 1st period - Shot Misses the Net.
5:00 of 1st period - Wrist shot by Tyler Johnson.
5:00 of 1st period - Shot Blocked by Marek Svatos.
5:14 of 1st period - Wrist shot by Tim Connolly.
5:14 of 1st period - Stopped by Ilya Bryzgalov without a rebound.
5:15 of 1st period - Chris Kelly wins face-off versus Vladimir Tarasenko in Red Wings zone.
5:50 of 1st period - Wrist shot by Vladimir Tarasenko.
5:50 of 1st period - Shot Blocked by Chris Kelly.
5:58 of 1st period - Snap shot by Tim Connolly.
5:58 of 1st period - Stopped by Ilya Bryzgalov with a rebound.
6:03 of 1st period - Minor Penalty to Chris Kelly for Hooking.
6:04 of 1st period - Daniel Briere wins face-off versus Tyler Johnson in Red Wings zone.
6:06 of 1st period - Wrist shot by Marek Svatos.
6:06 of 1st period - Shot Misses the Net.
6:08 of 1st period - Backhand shot by Dustin Byfuglien.
6:08 of 1st period - Shot Misses the Net.
6:10 of 1st period - Wrist shot by Daniel Briere.
6:10 of 1st period - Stopped by Ilya Bryzgalov with a rebound.
6:12 of 1st period - Snap shot by Marek Svatos.
6:12 of 1st period - Shot Misses the Net.
6:14 of 1st period - Wrist shot by Ryan Ellis.
6:14 of 1st period - Shot Blocked by Filip Kuba.
6:16 of 1st period - Slapshot by Daniel Briere.
6:16 of 1st period - Shot Misses the Net.
7:36 of 1st period - Sean Bergenheim is hit by R.J. Umberger and loses puck.
8:03 of 1st period - Penalty to Chris Kelly is over, Chris Kelly is back on ice.
8:41 of 1st period - Wrist shot by Paul Gaustad.
8:41 of 1st period - Shot Misses the Net.
8:43 of 1st period - Slapshot by Ryan Ellis.
8:43 of 1st period - Stopped by Ilya Bryzgalov with a rebound.
8:45 of 1st period - Snap shot by Dustin Byfuglien.
8:45 of 1st period - Deflect By Paul Gaustad.
8:45 of 1st period - Stopped by Ilya Bryzgalov with a rebound.
9:07 of 1st period - Snap shot by Kyle Calder.
9:07 of 1st period - Stopped by Ilya Bryzgalov without a rebound.
9:08 of 1st period - Daniel Briere wins face-off versus Tyler Johnson in Red Wings zone.
11:16 of 1st period - Mark Eaton is hit by Ole-Kristian Tollefsen.
12:27 of 1st period - Off-side.
12:28 of 1st period - Chris Kelly wins face-off versus Paul Gaustad in neutral zone.
12:33 of 1st period - R.J. Umberger is hit by Philip Samuelsson and loses puck.
12:53 of 1st period - Ales Hemsky is hit by Michael Ryder and loses puck.
13:08 of 1st period - Slapshot by Tim Connolly.
13:08 of 1st period - Stopped by Ilya Bryzgalov with a rebound.
13:10 of 1st period - Slapshot by Matt Gilroy.
13:10 of 1st period - Shot Blocked by Ole-Kristian Tollefsen.
13:24 of 1st period - Snap shot by Matt Moulson.
13:24 of 1st period - Stopped by Ilya Bryzgalov without a rebound.
13:25 of 1st period - Mike Richards wins face-off versus Paul Gaustad in Red Wings zone.
13:34 of 1st period - Slapshot by Brent Seabrook.
13:34 of 1st period - Stopped by Jonathan Quick without a rebound.
13:35 of 1st period - Daniel Briere wins face-off versus Mike Richards in Nordiques zone.
13:35 of 1st period - Daniel Briere is hit by Adam Henrique.
13:59 of 1st period - Off-side.
14:00 of 1st period - Nate Thompson wins face-off versus Tim Connolly in neutral zone.
14:07 of 1st period - Wrist shot by Oleg Saprykin.
14:07 of 1st period - Shot Blocked by Mark Eaton.
14:09 of 1st period - Snap shot by Nino Niederreiter.
14:09 of 1st period - Shot Misses the Net.
14:11 of 1st period - Slapshot by Brendan Bell.
14:11 of 1st period - Shot Blocked by Bruno Gervais.
14:13 of 1st period - Slapshot by Brendan Bell.
14:13 of 1st period - Stopped by Jonathan Quick without a rebound.
14:14 of 1st period - Tyler Johnson wins face-off versus Daniel Briere in Nordiques zone.
15:02 of 1st period - Brendan Bell is hit by Paul Gaustad and loses puck.
15:07 of 1st period - Snap shot by Paul Gaustad.
15:07 of 1st period - Stopped by Ilya Bryzgalov without a rebound.
15:08 of 1st period - Tyler Johnson wins face-off versus Daniel Briere in Red Wings zone.
15:22 of 1st period - Wrist shot by Ales Hemsky.
15:22 of 1st period - Stopped by Jonathan Quick with a rebound.
15:24 of 1st period - Wrist shot by Tyler Johnson.
15:24 of 1st period - Shot Blocked by Matt Gilroy.
15:40 of 1st period - Snap shot by Kyle Calder.
15:40 of 1st period - Stopped by Ilya Bryzgalov without a rebound.
15:41 of 1st period - Tyler Johnson wins face-off versus Paul Gaustad in Red Wings zone.
15:53 of 1st period - Icing by Jiri Fischer.
15:54 of 1st period - Tyler Johnson wins face-off versus Daniel Briere in Red Wings zone.
16:19 of 1st period - Wrist shot by Sean Bergenheim.
16:19 of 1st period - Shot Blocked by Marek Svatos.
16:21 of 1st period - Snap shot by Ales Hemsky.
16:21 of 1st period - Stopped by Jonathan Quick without a rebound.
16:22 of 1st period - Tim Connolly wins face-off versus Adam Henrique in Nordiques zone.
16:41 of 1st period - Adam Henrique is hit by Tim Connolly and loses puck.
17:01 of 1st period - Wrist shot by Vladimir Tarasenko.
17:01 of 1st period - Shot Misses the Net.
17:05 of 1st period - Slapshot by Kyle Calder.
17:05 of 1st period - Stopped by Ilya Bryzgalov without a rebound.
17:06 of 1st period - Chris Kelly wins face-off versus Daniel Briere in Red Wings zone.
17:13 of 1st period - Snap shot by Marek Svatos.
17:13 of 1st period - Stopped by Ilya Bryzgalov without a rebound.
17:14 of 1st period - Chris Kelly wins face-off versus Daniel Briere in Red Wings zone.
17:14 of 1st period - Chris Kelly is hit by Dustin Byfuglien.
17:27 of 1st period - Snap shot by Marek Svatos.
17:27 of 1st period - Stopped by Ilya Bryzgalov with a rebound.
17:29 of 1st period - Snap shot by Ryan Ellis.
17:29 of 1st period - Deflect By Marek Svatos.
17:29 of 1st period - Goal by Marek Svatos - Red Wings : 0 - Nordiques : 1.
17:30 of 1st period - Daniel Briere wins face-off versus Tyler Johnson in neutral zone.
17:33 of 1st period - Backhand shot by Marek Svatos.
17:33 of 1st period - Stopped by Ilya Bryzgalov with a rebound.
18:46 of 1st period - Wrist shot by Nikolai Kulemin.
18:46 of 1st period - Stopped by Ilya Bryzgalov without a rebound.
18:47 of 1st period - Daniel Briere wins face-off versus Mike Richards in Red Wings zone.
18:48 of 1st period - Snap shot by Marek Svatos.
18:48 of 1st period - Shot Misses the Net.
19:04 of 1st period - Wrist shot by Phil Kessel.
19:04 of 1st period - Stopped by Jonathan Quick without a rebound.
19:05 of 1st period - Paul Gaustad wins face-off versus Tyler Johnson in Nordiques zone.
19:31 of 1st period - R.J. Umberger is hit by Mike Richards and loses puck.
19:41 of 1st period - Minor Penalty to Phil Kessel for Holding.
19:42 of 1st period - Daniel Briere wins face-off versus Sean Bergenheim in Red Wings zone.
Goals for this period are 0 for Red Wings vs 1 for Nordiques.
Shots for this period are 6 for Red Wings vs 17 for Nordiques.
2nd period
0:01 of 2nd period - Daniel Briere wins face-off versus Sean Bergenheim in neutral zone.
0:31 of 2nd period - Icing by Ryan Ellis.
0:32 of 2nd period - Tyler Johnson wins face-off versus Tim Connolly in Nordiques zone.
0:33 of 2nd period - Wrist shot by Oleg Saprykin.
0:33 of 2nd period - Shot Misses the Net.
0:35 of 2nd period - Slapshot by Ole-Kristian Tollefsen.
0:35 of 2nd period - Deflect By Vladimir Tarasenko.
0:35 of 2nd period - Goal by Ole-Kristian Tollefsen - Red Wings : 1 - Nordiques : 1.
0:36 of 2nd period - Daniel Briere wins face-off versus Tyler Johnson in neutral zone.
0:45 of 2nd period - Snap shot by Marek Svatos.
0:45 of 2nd period - Shot Blocked by Ole-Kristian Tollefsen.
0:47 of 2nd period - Wrist shot by Marek Svatos.
0:47 of 2nd period - Stopped by Ilya Bryzgalov with a rebound.
0:49 of 2nd period - Slapshot by Ryan Ellis.
0:49 of 2nd period - Stopped by Ilya Bryzgalov without a rebound.
0:50 of 2nd period - Daniel Briere wins face-off versus Sean Bergenheim in Red Wings zone.
0:57 of 2nd period - Snap shot by Daniel Briere.
0:57 of 2nd period - Stopped by Ilya Bryzgalov without a rebound.
0:58 of 2nd period - Sean Bergenheim wins face-off versus Daniel Briere in Red Wings zone.
1:09 of 2nd period - Slapshot by Ryan Ellis.
1:09 of 2nd period - Stopped by Ilya Bryzgalov with a rebound.
1:41 of 2nd period - Penalty to Phil Kessel is over, Phil Kessel is back on ice.
1:57 of 2nd period - Slapshot by Adam Henrique.
1:57 of 2nd period - Shot Misses the Net.
2:07 of 2nd period - Slapshot by Matt Gilroy.
2:07 of 2nd period - Stopped by Ilya Bryzgalov without a rebound.
2:08 of 2nd period - Tyler Johnson wins face-off versus Paul Gaustad in Red Wings zone.
2:35 of 2nd period - Wrist shot by Adam Henrique.
2:35 of 2nd period - Shot Blocked by Ryan Ellis.
2:37 of 2nd period - Minor Penalty to Dustin Byfuglien for Cross-checking.
2:38 of 2nd period - Marek Svatos wins face-off versus Mike Richards in Nordiques zone.
3:33 of 2nd period - Wrist shot by R.J. Umberger.
3:33 of 2nd period - Stopped by Ilya Bryzgalov with a rebound.
4:37 of 2nd period - Penalty to Dustin Byfuglien is over, Dustin Byfuglien is back on ice.
4:44 of 2nd period - Tim Connolly is hit by Nino Niederreiter and loses puck.
5:11 of 2nd period - Wrist shot by Matt Moulson.
5:11 of 2nd period - Shot Misses the Net.
5:13 of 2nd period - Snap shot by Paul Gaustad.
5:13 of 2nd period - Deflect By Matt Moulson.
5:13 of 2nd period - Stopped by Ilya Bryzgalov without a rebound.
5:14 of 2nd period - Chris Kelly wins face-off versus Paul Gaustad in Red Wings zone.
5:14 of 2nd period - Chris Kelly is hit by Paul Gaustad.
5:22 of 2nd period - Slapshot by Chris Kelly.
5:22 of 2nd period - Stopped by Jonathan Quick without a rebound.
5:23 of 2nd period - Chris Kelly wins face-off versus Paul Gaustad in Nordiques zone.
5:29 of 2nd period - Icing by Mark Eaton.
5:30 of 2nd period - Paul Gaustad wins face-off versus Tyler Johnson in Nordiques zone.
5:51 of 2nd period - Wrist shot by Matt Moulson.
5:51 of 2nd period - Shot Misses the Net.
6:34 of 2nd period - Wrist shot by Chris Kelly.
6:34 of 2nd period - Shot Blocked by Tim Connolly.
6:44 of 2nd period - Slapshot by Matt Gilroy.
6:44 of 2nd period - Stopped by Ilya Bryzgalov without a rebound.
6:45 of 2nd period - Nate Thompson wins face-off versus Rich Peverley in Red Wings zone.
6:45 of 2nd period - Nate Thompson is hit by Dustin Byfuglien.
6:51 of 2nd period - Snap shot by Nate Thompson.
6:51 of 2nd period - Stopped by Jonathan Quick without a rebound.
6:52 of 2nd period - Daniel Briere wins face-off versus Tyler Johnson in Nordiques zone.
6:52 of 2nd period - Daniel Briere is hit by Ole-Kristian Tollefsen.
6:58 of 2nd period - Slapshot by R.J. Umberger.
6:58 of 2nd period - Shot Misses the Net.
7:26 of 2nd period - Minor Penalty to Kyle Calder for Hooking.
7:27 of 2nd period - Marek Svatos wins face-off versus Phil Kessel in Nordiques zone.
7:38 of 2nd period - Wrist shot by Sean Bergenheim.
7:38 of 2nd period - Shot Misses the Net.
7:40 of 2nd period - Snap shot by Mike Richards.
7:40 of 2nd period - Shot Blocked by Marek Svatos.
9:07 of 2nd period - Icing by Phil Kessel.
9:08 of 2nd period - Mike Richards wins face-off versus Paul Gaustad in Red Wings zone.
9:26 of 2nd period - Penalty to Kyle Calder is over, Kyle Calder is back on ice.
9:42 of 2nd period - Slapshot by Jean-Pierre Dumont.
9:42 of 2nd period - Stopped by Ilya Bryzgalov with a rebound.
9:44 of 2nd period - Wrist shot by Jean-Pierre Dumont.
9:44 of 2nd period - Stopped by Ilya Bryzgalov with a rebound.
9:50 of 2nd period - Snap shot by Matt Moulson.
9:50 of 2nd period - Shot Misses the Net.
10:04 of 2nd period - Wrist shot by Michael Ryder.
10:04 of 2nd period - Shot Misses the Net.
10:06 of 2nd period - Slapshot by Bruno Gervais.
10:06 of 2nd period - Stopped by Ilya Bryzgalov with a rebound.
10:08 of 2nd period - Slapshot by Mark Eaton.
10:08 of 2nd period - Deflect By Nikolai Kulemin.
10:08 of 2nd period - Shot Misses the Net.
10:08 of 2nd period - Puck is out of play.
10:09 of 2nd period - Ales Hemsky wins face-off versus Paul Gaustad in Red Wings zone.
10:34 of 2nd period - Mark Eaton is hit by Mike Richards and loses puck.
12:20 of 2nd period - Wrist shot by Adam Henrique.
12:20 of 2nd period - Stopped by Jonathan Quick with a rebound.
12:36 of 2nd period - Slapshot by Vladimir Tarasenko.
12:36 of 2nd period - Stopped by Ilya Bryzgalov without a rebound.
12:37 of 2nd period - Tim Connolly wins face-off versus Phil Kessel in Red Wings zone.
12:44 of 2nd period - Wrist shot by Vladimir Tarasenko.
12:44 of 2nd period - Shot Blocked by Mike Richards.
12:46 of 2nd period - Slapshot by Tim Connolly.
12:46 of 2nd period - Shot Misses the Net.
12:48 of 2nd period - Snap shot by Tim Connolly.
12:48 of 2nd period - Stopped by Ilya Bryzgalov without a rebound.
12:49 of 2nd period - Daniel Briere wins face-off versus Tyler Johnson in Red Wings zone.
12:53 of 2nd period - Icing by Ales Hemsky.
12:54 of 2nd period - Daniel Briere wins face-off versus Tyler Johnson in Red Wings zone.
12:57 of 2nd period - Slapshot by Marek Svatos.
12:57 of 2nd period - Goal by Marek Svatos - Red Wings : 1 - Nordiques : 2.
12:58 of 2nd period - Daniel Briere wins face-off versus Tyler Johnson in neutral zone.
13:23 of 2nd period - Ryan Ellis is hit by Adam Henrique and loses puck.
13:52 of 2nd period - Alex Picard is hit by Paul Gaustad and loses puck.
15:16 of 2nd period - Snap shot by Jean-Pierre Dumont.
15:16 of 2nd period - Goal by Jean-Pierre Dumont - Red Wings : 1 - Nordiques : 3.
15:17 of 2nd period - Tyler Johnson wins face-off versus Daniel Briere in neutral zone.
15:22 of 2nd period - Slapshot by Ole-Kristian Tollefsen.
15:22 of 2nd period - Shot Blocked by Ryan Ellis.
15:24 of 2nd period - Backhand shot by Ales Hemsky.
15:24 of 2nd period - Goal by Ales Hemsky - Red Wings : 2 - Nordiques : 3.
15:25 of 2nd period - Daniel Briere wins face-off versus Tyler Johnson in neutral zone.
15:58 of 2nd period - Adam Henrique is hit by Tim Connolly and loses puck.
16:31 of 2nd period - Minor Penalty to Paul Gaustad for Roughing.
16:32 of 2nd period - Mike Richards wins face-off versus Marek Svatos in Nordiques zone.
16:35 of 2nd period - Wrist shot by Mike Richards.
16:35 of 2nd period - Stopped by Jonathan Quick without a rebound.
16:36 of 2nd period - Mike Richards wins face-off versus Tim Connolly in Nordiques zone.
16:39 of 2nd period - Wrist shot by Mike Richards.
16:39 of 2nd period - Stopped by Jonathan Quick with a rebound.
17:11 of 2nd period - Slapshot by Ole-Kristian Tollefsen.
17:11 of 2nd period - Goal by Ole-Kristian Tollefsen - Red Wings : 3 - Nordiques : 3.
17:12 of 2nd period - Daniel Briere wins face-off versus Tyler Johnson in neutral zone.
17:37 of 2nd period - Kyle Calder is hit by Jiri Fischer and loses puck.
18:05 of 2nd period - Minor Penalty to Brendan Bell for Roughing.
18:06 of 2nd period - Sean Bergenheim wins face-off versus Daniel Briere in Red Wings zone.
18:06 of 2nd period - Sean Bergenheim is hit by Marek Svatos.
18:33 of 2nd period - Tim Connolly is hit by Oleg Saprykin and loses puck.
Goals for this period are 3 for Red Wings vs 2 for Nordiques.
Shots for this period are 8 for Red Wings vs 15 for Nordiques.
3rd period
0:01 of 3rd period - Daniel Briere wins face-off versus Tyler Johnson in neutral zone.
0:04 of 3rd period - Wrist shot by Ryan Ellis.
0:04 of 3rd period - Deflect By Daniel Briere.
0:04 of 3rd period - Shot Misses the Net.
0:04 of 3rd period - Puck is out of play.
0:05 of 3rd period - Penalty to Brendan Bell is over, Brendan Bell is back on ice.
0:05 of 3rd period - Tyler Johnson wins face-off versus Daniel Briere in Red Wings zone.
0:14 of 3rd period - Snap shot by Tyler Johnson.
0:14 of 3rd period - Stopped by Jonathan Quick without a rebound.
0:15 of 3rd period - Daniel Briere wins face-off versus Tyler Johnson in Nordiques zone.
0:24 of 3rd period - Snap shot by Tyler Johnson.
0:24 of 3rd period - Stopped by Jonathan Quick without a rebound.
0:25 of 3rd period - Daniel Briere wins face-off versus Tyler Johnson in Nordiques zone.
0:38 of 3rd period - Wrist shot by Sean Bergenheim.
0:38 of 3rd period - Shot Blocked by Marek Svatos.
1:00 of 3rd period - Slapshot by R.J. Umberger.
1:00 of 3rd period - Stopped by Ilya Bryzgalov without a rebound.
1:01 of 3rd period - Mike Richards wins face-off versus Tim Connolly in Red Wings zone.
1:35 of 3rd period - Wrist shot by Paul Gaustad.
1:35 of 3rd period - Stopped by Ilya Bryzgalov with a rebound.
1:55 of 3rd period - Snap shot by Nikolai Kulemin.
1:55 of 3rd period - Stopped by Ilya Bryzgalov with a rebound.
2:43 of 3rd period - Dustin Byfuglien is hit by Alex Picard and loses puck.
2:59 of 3rd period - Off-side.
3:00 of 3rd period - Paul Gaustad wins face-off versus Tyler Johnson in neutral zone.
3:40 of 3rd period - Off-side.
3:41 of 3rd period - Daniel Briere wins face-off versus Mike Richards in neutral zone.
4:06 of 3rd period - Ole-Kristian Tollefsen is hit by Vladimir Tarasenko and loses puck.
5:05 of 3rd period - Snap shot by Jean-Pierre Dumont.
5:05 of 3rd period - Stopped by Ilya Bryzgalov without a rebound.
5:06 of 3rd period - Tyler Johnson wins face-off versus Paul Gaustad in Red Wings zone.
5:06 of 3rd period - Tyler Johnson is hit by Dustin Byfuglien.
5:15 of 3rd period - Off-side.
5:16 of 3rd period - Tyler Johnson wins face-off versus Daniel Briere in neutral zone.
5:18 of 3rd period - Jiri Fischer is hit by R.J. Umberger and loses puck.
5:21 of 3rd period - Minor Penalty to Dustin Byfuglien for Holding.
5:22 of 3rd period - Mike Richards wins face-off versus Marek Svatos in Nordiques zone.
5:27 of 3rd period - Snap shot by Phil Kessel.
5:27 of 3rd period - Stopped by Jonathan Quick without a rebound.
5:28 of 3rd period - Mike Richards wins face-off versus Marek Svatos in Nordiques zone.
6:44 of 3rd period - R.J. Umberger is hit by Phil Kessel and loses puck.
7:21 of 3rd period - Penalty to Dustin Byfuglien is over, Dustin Byfuglien is back on ice.
7:37 of 3rd period - Slapshot by Brent Seabrook.
7:37 of 3rd period - Goal by Brent Seabrook - Red Wings : 4 - Nordiques : 3.
7:38 of 3rd period - Daniel Briere wins face-off versus Tyler Johnson in neutral zone.
8:09 of 3rd period - Snap shot by Chris Kelly.
8:09 of 3rd period - Shot Blocked by Daniel Briere.
8:20 of 3rd period - Slapshot by Ryan Ellis.
8:20 of 3rd period - Goal by Ryan Ellis - Red Wings : 4 - Nordiques : 4.
8:21 of 3rd period - Mike Richards wins face-off versus Tim Connolly in neutral zone.
8:21 of 3rd period - Mike Richards is hit by Kyle Calder.
8:29 of 3rd period - Slapshot by Mike Richards.
8:29 of 3rd period - Stopped by Jonathan Quick without a rebound.
8:30 of 3rd period - Adam Henrique wins face-off versus Tim Connolly in Nordiques zone.
8:31 of 3rd period - Snap shot by Phil Kessel.
8:31 of 3rd period - Stopped by Jonathan Quick without a rebound.
8:32 of 3rd period - Daniel Briere wins face-off versus Mike Richards in Nordiques zone.
8:45 of 3rd period - Snap shot by Phil Kessel.
8:45 of 3rd period - Stopped by Jonathan Quick with a rebound.
8:47 of 3rd period - Snap shot by Phil Kessel.
8:47 of 3rd period - Shot Misses the Net.
8:49 of 3rd period - Wrist shot by Adam Henrique.
8:49 of 3rd period - Shot Blocked by R.J. Umberger.
8:59 of 3rd period - Marek Svatos is hit by Brendan Bell and loses puck.
9:10 of 3rd period - Slapshot by Ryan Ellis.
9:10 of 3rd period - Shot Blocked by Chris Kelly.
9:12 of 3rd period - Snap shot by R.J. Umberger.
9:12 of 3rd period - Stopped by Ilya Bryzgalov without a rebound.
9:13 of 3rd period - Mike Richards wins face-off versus Vladimir Tarasenko in Red Wings zone.
10:04 of 3rd period - Slapshot by Alex Picard.
10:04 of 3rd period - Stopped by Jonathan Quick without a rebound.
10:05 of 3rd period - Mike Richards wins face-off versus R.J. Umberger in Nordiques zone.
10:06 of 3rd period - Wrist shot by Adam Henrique.
10:06 of 3rd period - Shot Misses the Net.
10:49 of 3rd period - Theo Peckham is hit by Jean-Pierre Dumont and loses puck.
11:47 of 3rd period - Slapshot by Rich Peverley.
11:47 of 3rd period - Shot Misses the Net.
12:07 of 3rd period - Slapshot by Ales Hemsky.
12:07 of 3rd period - Shot Misses the Net.
12:24 of 3rd period - Wrist shot by Tim Connolly.
12:24 of 3rd period - Deflect By Kyle Calder.
12:24 of 3rd period - Shot Misses the Net.
12:24 of 3rd period - Puck is out of play.
12:25 of 3rd period - Mike Richards wins face-off versus Tim Connolly in Red Wings zone.
12:58 of 3rd period - Snap shot by Tim Connolly.
12:58 of 3rd period - Shot Misses the Net.
13:10 of 3rd period - Wrist shot by Adam Henrique.
13:10 of 3rd period - Shot Misses the Net.
13:12 of 3rd period - Snap shot by Phil Kessel.
13:12 of 3rd period - Shot Misses the Net.
13:27 of 3rd period - Wrist shot by Mike Richards.
13:27 of 3rd period - Shot Blocked by Tim Connolly.
13:31 of 3rd period - Wrist shot by Mike Richards.
13:31 of 3rd period - Deflect By Phil Kessel.
13:31 of 3rd period - Stopped by Jonathan Quick with a rebound.
13:33 of 3rd period - Slapshot by Phil Kessel.
13:33 of 3rd period - Shot Misses the Net.
14:02 of 3rd period - Snap shot by Mike Richards.
14:02 of 3rd period - Stopped by Jonathan Quick with a rebound.
14:10 of 3rd period - Backhand shot by Phil Kessel.
14:10 of 3rd period - Goal by Phil Kessel - Red Wings : 5 - Nordiques : 4.
14:11 of 3rd period - Daniel Briere wins face-off versus Tyler Johnson in neutral zone.
15:02 of 3rd period - Oleg Saprykin is hit by Michael Ryder and loses puck.
17:14 of 3rd period - Alex Picard is hit by R.J. Umberger and loses puck.
17:31 of 3rd period - Oleg Saprykin is hit by Paul Gaustad and loses puck.
17:48 of 3rd period - Phil Kessel is hit by Vladimir Tarasenko and loses puck.
18:48 of 3rd period - Nordiques, Jonathan Quick is pulled from the net.
19:13 of 3rd period - Off-side.
19:14 of 3rd period - Claude Noel call a timeout for Nordiques.
19:14 of 3rd period - Tyler Johnson wins face-off versus Marek Svatos in neutral zone.
19:33 of 3rd period - Snap shot by Daniel Briere.
19:33 of 3rd period - Shot Blocked by Jiri Fischer.
Goals for this period are 2 for Red Wings vs 1 for Nordiques.
Shots for this period are 11 for Red Wings vs 6 for Nordiques.
Back to the Top